 Dungeon Crawl Stone Soup version 0.31.0-32-g396128a36d (webtiles) character file.

Game seed: 10590434916955831992

253 Henri the Vexing (level 5, -10/27 HPs)
             Began as a Spriggan Hexslinger on Apr 4, 2024.
             Killed from afar by Ijyb (20 damage)
             ... with a bolt of light
             ... on level 3 of the Dungeon.
             The game lasted 00:05:17 (2216 turns).

Henri the Vexing (Spriggan Hexslinger)              Turns: 2216, Time: 00:05:17

Health: -10/27     AC:  2    Str:  4    XL:     5   Next: 90%
Magic:  8/8        EV: 17    Int: 15    God:
Gold:   76         SH:  0    Dex: 19    Spells: 1/6 levels left

rFire   . . .        a - +1 sling
rCold   . . .        (no shield)
rNeg    . . .        c - +0 robe
rPois   .            (helmet restricted)
rElec   .            (no cloak)
rCorr   .            (gloves unavailable)
SInv    +            (boots unavailable)
Will    .....        (no amulet)
Stlth   ++           (no ring)
HPRegen 0.24/turn    (no ring)
MPRegen 0.11/turn

%: no passive effects
@: weak-willed, very quick
A: very small, no large weapons, unfitting armour, see invisible, speed 3
a: no special abilities


You were on level 3 of the Dungeon.
You visited 1 branch of the dungeon, and saw 3 of its levels.

You collected 76 gold pieces.

Inventory:

Hand Weapons
 a - a +1 sling (weapon)
Armour
 c - a +0 robe (worn)
Scrolls
 b - a scroll of poison
 e - a scroll of fog
 i - a scroll of revelation
 j - a scroll of noise
Potions
 d - 2 potions of magic {unknown}
 f - 3 potions of enlightenment
 g - 3 potions of curing
 h - a potion of attraction {unknown}


   Skills:
 + Level 2.3 Fighting
 * Level 4.6 Ranged Weapons
 - Level 2.6 Dodging
 - Level 1.3 Spellcasting
 + Level 5.1 Hexes
 - Level 0.7 Fire Magic


You had one spell level left.
You knew the following spells:

 Your Spells              Type           Power      Damage    Failure   Level
a - Jinxbite              Hex            32%        N/A       4%          2
b - Sigil of Binding      Hex            16%        N/A       9%          3

Your spell library contained the following spells:

 Spells                   Type           Power      Damage    Failure   Level
 Inner Flame              Hex/Fire       9%         N/A       22%         3
 Cause Fear               Hex            8%         N/A       28%         4
 Dimensional Bullseye     Hex/Tloc       4%         N/A       63%         4
 Animate Dead             Necr           1%         N/A       93%         4
 Haunt                    Necr/Summ      0%         N/A       100%        7
 Infestation              Necr           0%         N/A       100%        8


Dungeon Overview and Level Annotations

Branches:
Dungeon (3/15)

Altars:

Annotations:
D:3 Ijyb


Innate Abilities, Weirdness & Mutations

You are very small and have problems with some larger weapons.
You are too small for most types of armour.
You have supernaturally acute eyesight. (SInv)
You cover ground extremely quickly. (Speed+++)


Message History

Unknown command.
Fire: a) +1 sling
Press: ? - help, Q - select action, (/) - cycle Shift-Dir - straight line, f/p - Ijyb
Aim: Ijyb, wielding a +0 club, wearing a +0 scale mail and carrying a wand of light (heavily wounded, chance to call a sprite on attack: 58%, 60% to hit)
You shoot a sling bullet.
The sling bullet hits Ijyb but does no damage.
Ijyb is heavily wounded.
A giggling sprite leaps out and bonks Ijyb with its +0 club.
Ijyb is severely wounded.
The jinxing sprites lose interest in you.
Ijyb completely misses you.
Fire: a) +1 sling
Press: ? - help, Q - select action, (/) - cycle Shift-Dir - straight line, f/p - Ijyb
Aim: Ijyb, wielding a +0 club, wearing a +0 scale mail and carrying a wand of light (heavily wounded, heavily drained, 60% to hit)
You shoot a sling bullet. The sling bullet hits Ijyb.
Ijyb is severely wounded.
Ijyb seems less drained.
Ijyb attacks as she pursues you! Ijyb misses you.
Ijyb zaps a wand.
The bolt of light hits you!
You are confused.
A kobold comes into view. It is wielding a +0 dagger.
You're too confused to move!
You feel less confused.
Unknown command.
Fire: a) +1 sling
Press: ? - help, Q - select action, (/) - cycle Shift-Dir - straight line, f/p - Ijyb
Aim: Ijyb, wielding a +0 club, wearing a +0 scale mail and carrying a wand of light (severely wounded, 60% to hit)
You shoot a sling bullet. The sling bullet hits Ijyb.
Ijyb is severely wounded.
Unknown command.
Ijyb attacks as she pursues you! Ijyb hits you with a +0 club.
You shoot a sling bullet. The sling bullet hits the kobold.
The kobold is moderately wounded.
Ijyb misses you. The kobold hits you with a +0 dagger.
The kobold hits you with a +0 dagger.
Ijyb zaps a wand.
The bolt of light hits the kobold!
The kobold dies!
The bolt of light hits you!!
Ouch! That really hurt!
You die...

#.###.#####.###.##### #.#
#.# *.#...#.# #<....# #.#
#.# *.[...#.# #####.# #.#
#.#####...#.## #.# #.#
##.##.........### #.# #.#
#####...#...........####.#
#.#
.....###..........#.#....#
#.# ###..#
#....g.)...#.#.#### #.#
##.###.#..)...@.......# #.#
#....##......#.#.#.#.#####.#
#.##.##.##.###.#.#.#....†..#
***#.##.##.##.#
#.#.#.#########
,,*#.##.##.##.#*#.#.#.#
,,,..##.##.....,..>.#.#
,,,...........#*#.###.#
*,#####..#.#### #..*#.# *,*
#..#.# **,**,*


You could see Ijyb.

Vanquished Creatures
  Sigmund (D:2)
  Jessica (D:2)
  3 adders
  A dart slug (D:2)
  An orc (D:3)
  3 endoplasms
  5 goblins
  A hobgoblin (D:1)
  10 jackals
  2 kobolds (D:1)
  4 quokkas
  A ball python (D:1)
  2 bats (D:1)
  2 frilled lizards (D:1)
  10 rats
47 creatures vanquished.

Vanquished Creatures (others)
  A kobold (D:3)
1 creature vanquished.

Grand Total: 48 creatures vanquished

Notes
Turn   | Place    | Note
-------+----------+-------------------------------------------
     0 | D:1      | Henri the Spriggan Hexslinger began the quest for the Orb.
     0 | D:1      | Reached XP level 1. HP: 9/9 MP: 3/3
   266 | D:1      | Reached skill level 1 in Fighting
   278 | D:1      | Reached XP level 2. HP: 14/14 MP: 5/5
   281 | D:1      | Learned a level 2 spell: Jinxbite
   620 | D:1      | Reached skill level 4 in Hexes
   853 | D:2      | Reached XP level 3. HP: 10/18 MP: 6/6
  1000 | D:2      | Noticed Sigmund
  1367 | D:2      | Killed Sigmund
  1368 | D:2      | Reached XP level 4. HP: 23/23 MP: 5/7
  1368 | D:2      | Reached XP level 5. HP: 26/26 MP: 5/8
  1649 | D:2      | Noticed Jessica
  1661 | D:2      | Killed Jessica
  1662 | D:2      | Reached skill level 5 in Hexes
  2029 | D:3      | Learned a level 3 spell: Sigil of Binding
  2178 | D:3      | Noticed Ijyb
  2216 | D:3      | Killed from afar by Ijyb

Illustrated notes

Levels and vault maps discovered:
D:1:      dpeg_arrival_ratfight, layout_loops_ring
D:2:      layout_basic, uniq_sigmund, uniq_jessica
D:3:      layout_loops_ring, nicolae_uskayaw_suspiria,
          chequers_serial_rivers_micro_a, minmay_misc_feat_tiny, uniq_ijyb

Skill      XL: |  1  2  3  4  5 |
---------------+----------------+-----
Fighting       | 1 2 |  2.3
Hexes          | 4 5 |  5.1
Ranged Weapons | 3 4 |  4.6
Dodging        | |  2.6
Spellcasting   | |  1.3
Fire Magic     | |  0.7

Action                     |  1- 3 |  4- 6 || total
---------------------------+-------+-------++-------
   Fire: Sling             |    95 |    55 ||   150
   Cast: Jinxbite          |     1 |     2 ||     3
    Use: Scroll            |     3 |     2 ||     5
 Armour: Robe              |    10 |    11 ||    21
  Dodge: Dodged            |    32 |    18 ||    50
